 Dungeon Crawl Stone Soup version 0.31-a0-354-g827e0957a7 (webtiles) character file.

Game seed: 494942485553350671

2385 Gelion the Mimic (level 9, -7/88 HPs)
             Began as a Troll Shapeshifter on July 23, 2023.
             Was a Believer of Trog.
             Shot with an arrow by a centaur (11 damage)
             ... on level 7 of the Dungeon.
             The game lasted 00:09:44 (4524 turns).

Gelion the Mimic (Troll Shapeshifter)               Turns: 4524, Time: 00:09:44

Health: -7/88      AC:  5    Str: 25    XL:     9   Next: 22%
Magic:  8/8        EV: 10    Int:  4    God:    Trog [**....]
Gold:   434        SH:  0    Dex: 14    Spells: 8/8 levels left

rFire   . .          .
                       - Unarmed
rCold   . . .        (no shield)
rNeg    . . .        a - +1 animal skin
rPois   +            (helmet currently unavailable)
rElec   .            (cloak currently unavailable)
rCorr   .            (gloves unavailable)
SInv    .            (boots unavailable)
Will    .....        (no amulet)
Stlth   +            v - ring of poison resistance
HPRegen 1.14/turn    (no ring)
MPRegen 0.11/turn

%: no passive effects
@: beast-form
A: beast (slay +5), large, unfitting armour, claws 3, regeneration 1, shaggy fur
1, tough skin 1
a: Begin Untransformation, Renounce Religion, Berserk, Trog's Hand


You were on level 7 of the Dungeon.
You worshipped Trog.
Trog was pleased with you.
You were a hulking beast.
You visited 2 branches of the dungeon, and saw 8 of its levels.

You collected 518 gold pieces.
You spent 84 gold pieces at shops.

Inventory:

Armour
 a - a +1 animal skin (worn)
Jewellery
 v - a ring of poison resistance (left claw)
Talismans
 c - a beast talisman
 s - a maw talisman
Wands
 d - a wand of flame (15)
 u - a wand of roots (8)
Scrolls
 h - a scroll of enchant armour
 j - 3 scrolls of silence
 m - a scroll of revelation
 o - 3 scrolls of enchant weapon
 q - a scroll of immolation {unknown}
 r - a scroll of identify
Potions
 b - 2 potions of lignification
 e - 7 potions of curing
 f - a potion of mutation
 g - 4 potions of enlightenment
 i - 2 potions of heal wounds
 k - a potion of ambrosia
 l - 2 potions of might
 n - a potion of cancellation
 p - a potion of magic
 w - 2 potions of brilliance
 x - a potion of haste


   Skills:
 + Level 5.1 Fighting
 - Level 1.5 Dodging
 + Level 6.8 Unarmed Combat
 * Level 8.0 Shapeshifting


You had 8 spell levels left.
You didn't know any spells.
Your spell library contained the following spells:

 Spells                   Type           Power      Damage    Failure   Level
 Vhi's Electric Charge    Tloc/Air       0%         N/A       86%         3
 Arcjolt                  Conj/Air       0%         1d10      100%        5
 Plasma Beam              Fire/Air       0%         2x1d10    100%        6


Dungeon Overview and Level Annotations

Branches:
Dungeon (7/15)             Temple (1/1) D:4

Altars:
Ashenzari
Dithmenos
Gozag
Hepliaklqana
Kikubaaqudgha
Makhleb
Okawaru
Ru
Trog
Uskayaw
Vehumet
Xom
Yredelemnul
Zin
The Shining One

Shops:
D:2 [   D:5 *

Annotations:
D:7 exclusions: upstairs and 6 more exclusions


Innate Abilities, Weirdness & Mutations

You are a hulking beast.
Your limbs bulge with bestial killing power. (Slay +5)
You are too large for most types of armour.
You have claws for hands.
Your natural rate of healing is unusually fast.
You are covered in fur. (AC +1)
You have tough skin. (AC +1)


Message History

Reduced exclusion size to a single square.
There is an escape hatch in the ceiling here.
The centaur shoots an arrow.
The arrow hits you!
The centaur shoots an arrow.
The arrow barely misses you.
You hear a shout! x2
Unknown command.
There is an escape hatch in the ceiling here.
The centaur shouts!
You hear a shout!
The centaur shoots an arrow.
The arrow hits you.
The centaur shoots an arrow.
The arrow hits you!
The centaur shoots an arrow.
The arrow hits you!
You start resting.
HP restored.
The centaur shoots an arrow.
The arrow hits you!
The centaur shoots an arrow.
The arrow closely misses you.
Found 17 gold pieces.
The centaur shoots an arrow.
The arrow misses you.
The centaur shoots an arrow.
The arrow hits you.
The centaur shoots an arrow.
The arrow closely misses you.
The centaur shoots an arrow.
The arrow closely misses you.
The centaur shoots an arrow.
The arrow hits you!
The centaur shoots an arrow.
The arrow barely misses you.
The centaur shoots an arrow.
The arrow hits you!
The centaur shoots an arrow.
The arrow hits you.
The centaur shoots an arrow.
The arrow hits you!
The centaur shoots an arrow.
The arrow hits you!
* * * LOW HITPOINT WARNING * * *
The centaur shoots an arrow.
The arrow hits you!
* * * LOW HITPOINT WARNING * * *
You hear a shout!
You see here 17 gold pieces.
Blink to where?
Press: ? - help, Dir - move target
As you read the scroll of blinking, it crumbles to dust.
The centaur shoots an arrow.
The arrow hits you.
* * * LOW HITPOINT WARNING * * *
The centaur shoots an arrow.
The arrow hits you.
* * * LOW HITPOINT WARNING * * *
The centaur shoots an arrow.
The arrow hits you!
* * * LOW HITPOINT WARNING * * *
The centaur shoots an arrow.
The arrow hits you!
You die...

#.##.......##
#.###......## #.#
#........ #.#
#.######.
##.###.#......
#####.............
#...<..###.#.####.
#.####.#...#.## #(
#h# $.#.#..#.####
#.# .≈≈≈≈≈≈##....
###.#≈≈≈≈≈≈≈≈≈≈≈####
#...≈≈≈≈≈≈c.≈≈≈≈
#§#≈≈≈≈.####.≈≈≈
#.≈≈≈≈c## #.≈≈≈≈
#.≈≈≈c.# #.≈≈≈
..≈≈≈...# #..≈≈≈≈≈≈
.≈≈≈≈....# #..≈≈≈≈≈≈


You could see a centaur.

Vanquished Creatures
  Prince Ribbit (D:5)
  A water moccasin (D:5)
  2 black bears
  2 hornet zombies (D:7)
  2 ogres (D:5)
  2 ice beasts
  A centaur (D:6)
  A phantom (D:4)
  A kobold brigand (D:6)
  2 bullfrogs (D:7)
  A necrophage (D:7)
  2 scorpions
  4 wights (D:7)
  A human zombie (D:7)
  A bullfrog zombie (D:7)
  A centaur zombie (D:7)
  A jelly (D:5)
  2 orc priests
  3 iguanas
  A sleepcap (D:5)
  4 orc wizards
  A killer bee zombie (D:7)
  A mummy (D:7)
  4 gnolls (D:7)
  6 adders
  A shadow imp (D:5)
  A worm (D:4)
  2 dart slugs
  23 orcs
  10 ball pythons
  6 endoplasms
  6 giant cockroaches
  9 hobgoblins
  3 jackals (D:4)
  16 kobolds
  A quokka (D:4)
  4 bats (D:1)
  3 frilled lizards
  8 goblins
  5 rats
146 creatures vanquished.

Notes
Turn   | Place    | Note
-------+----------+-------------------------------------------
     0 | D:1      | Gelion the Troll Shapeshifter began the quest for the Orb.
     0 | D:1      | Reached XP level 1. HP: 18/18 MP: 0/0
   121 | D:1      | Found a faded altar of an unknown god.
   129 | D:1      | Reached skill level 1 in Fighting
   136 | D:1      | Reached XP level 2. HP: 27/27 MP: 1/1
   713 | D:2      | Reached XP level 3. HP: 33/33 MP: 2/2
   942 | D:2      | Found Aziempoirgh's Antique Armour Boutique.
  1234 | D:3      | Reached XP level 4. HP: 41/41 MP: 3/3
  1284 | D:3      | Noticed a scorpion
  1291 | D:3      | Killed a scorpion
  1292 | D:3      | Reached skill level 4 in Shapeshifting
  1292 | D:3      | Reached XP level 5. HP: 40/49 MP: 4/4
  1382 | D:3      | Found a glowing golden altar of the Shining One.
  1457 | D:3      | Found a burning altar of Makhleb.
  1814 | D:4      | Found a staircase to the Ecumenical Temple.
  1833 | Temple   | Entered the Ecumenical Temple
  1841 | Temple   | Became a worshipper of Trog the Wrathful
  1940 | D:4      | Reached XP level 6. HP: 42/59 MP: 5/5
  2068 | D:4      | Reached skill level 5 in Shapeshifting
  2078 | D:4      | Reached * piety under Trog
  2273 | D:5      | Entered Level 5 of the Dungeon
  2362 | D:5      | Noticed Prince Ribbit
  2380 | D:5      | Killed Prince Ribbit
  2381 | D:5      | Reached XP level 7. HP: 23/67 MP: 6/6
  2442 | D:5      | Reached skill level 5 in Unarmed Combat
  2602 | D:5      | Reached skill level 6 in Shapeshifting
  2735 | D:5      | Found a broken altar of Ashenzari.
  2742 | D:5      | Found a sacrificial altar of Ru.
  2893 | D:5      | Found Oritox's General Store.
  2902 | D:5      | Bought 2 potions of curing for 84 gold pieces
  3000 | D:5      | Reached XP level 8. HP: 76/78 MP: 7/7
  3176 | D:6      | Found an iron altar of Okawaru.
  3431 | D:6      | Reached skill level 7 in Shapeshifting
  3908 | D:7      | Reached ** piety under Trog
  3998 | D:7      | Reached XP level 9. HP: 87/87 MP: 8/8
  4000 | D:7      | Found a basalt altar of Yredelemnul.
  4069 | D:7      | Reached skill level 5 in Fighting
  4431 | D:7      | Reached skill level 8 in Shapeshifting
  4523 | D:7      | HP: 3/88 [centaur/arrow (7)]
  4524 | D:7      | Shot with an arrow by a centaur

Illustrated notes

Levels and vault maps discovered:
D:1:      minmay_arrival_nine_rooms, layout_basic,
          dreamdust_ecumenical_altar_statues
D:2:      layout_rooms, serial_shops, nicolae_shop_stone
D:3:      layout_rooms, amcnicky_altar_gilded, tso_metal_star,
          nicolae_houndstooth_variations
D:4:      layout_basic, minmay_temple_entry_junction
D:5:      layout_gridville, mainiacjoe_overflow_alcove_1,
          mainiacjoe_overflow_tiny_flanked, serial_shops,
          nicolae_lakefront_shop, uniq_prince_ribbit1
D:6:      layout_rooms, mainiacjoe_overflow_catwalk, hex_tiny
D:7:      layout_loops_ring, lemuel_mausoleum_altar_yredelemnul, centaur_isle
Temple:   hellmonk_temple_rainy

Skill      XL: |  1  2  3  4  5  6  7  8  9 |
---------------+----------------------------+-----
Fighting       | 1 2 3 4 5 |  5.1
Shapeshifting  | 4 5 6 7 8 |  8.0
Unarmed Combat | 4 5 6 |  6.8
Dodging        | |  1.5

Action                     |  1- 3 |  4- 6 |  7- 9 || total
---------------------------+-------+-------+-------++-------
  Melee: Unarmed           |    90 |   102 |   146 ||   338
         Punch             |     1 |       |     8 ||     9
    Use: Scroll            |     9 |     4 |     9 ||    22
 Armour: Animal skin       |    24 |    17 |    35 ||    76
  Dodge: Dodged            |    37 |    45 |    67 ||   149

Table legend: (Time is in decaauts)
 A = Elapsed time spent in this place.
 B = Non-inter-level travel time spent in this place.
 C = Inter-level travel time spent in this place.
 D = Time resting spent in this place.
 E = Time spent auto-exploring this place.
 F = Levels seen in this place.
 G = Mean time per level.
                   A        B        C        D        E       F      G
               +--------+--------+--------+--------+--------+-----+--------+
         Total |   4492 |   4343 |    149 |     64 |   3437 |   8 |  561.5 |
       Dungeon |   4475 |   4340 |    135 |     64 |   3437 |   7 |  639.3 |
        Temple |     16 |      2 |     14 |      0 |      0 |   1 |   16.0 |
               +--------+--------+--------+--------+--------+-----+--------+

Top non-repeatable levels by time:
     D:7: 863 daAuts
     D:5: 829 daAuts
     D:1: 706 daAuts
     D:6: 540 daAuts
     D:3: 538 daAuts
     D:2: 515 daAuts
     D:4: 481 daAuts
  Temple: 16 daAuts
